Map: New Repugnancy LE

Players

ALesserFate - Winner!

  • Race: Terran Terran
  • League: Silver
  • Spawn Location: 1:00

ZaZen

  • Race: Protoss Protoss
  • League: Silver
  • Spawn Location: 7:00

VOD

Have the link to the VOD?

Description

Time

  • Played on: May 18, 2019, 7:14 p.m.
  • Length: 13:55
Show
View Real Time Build Order
Export as new Build Order

ALesserFate Terran - Winner!

Build Orders: 1/1/1, Liberator Opening 

Get SALT Encoding   

  12  0:03  SCV  
  13  0:15  SCV  
  14  0:22  Supply Depot  
  14  0:27  SCV  
  15  0:30  Refinery  
  15  0:45  Barracks  
  15  0:47  SCV  
  16  0:59  SCV, Supply Depot  
  17  1:09  Refinery  
  18  1:11  SCV  
  18  1:23  SCV  
  19  1:36  Marine  
  20  1:44  Factory  
  20  1:46  SCV  
  21  1:54  Marine  
  21  1:58  SCV  
  23  2:10  SCV  
  23  2:12  Marine  
  25  2:22  SCV  
  26  2:29  Starport, Marine, Factory Tech Lab  
  26  2:36  Orbital Command  
  27  2:54  Siege Tank, Barracks Reactor  
  30  3:03  Supply Depot  
  30  3:10  Liberator  
  30  3:20  Barracks Reactor  
  30  3:27  Supply Depot  
  33  3:40  Command Center  
  33  3:49  Siege Tank  
  33  3:54  Supply Depot  
  36  4:01  Marine x2  
  38  4:12  Medivac  
  40  4:19  Marine x2  
  42  4:57  Medivac  
  44  5:34  Marine  
  44  5:35  Marine  
  46  5:39  Siege Tank  
  49  5:48  SCV  
  50  5:51  Refinery  
  50  5:52  Marine x2  
  50  5:53  Refinery, Supply Depot  
  52  6:00  SCV  
  53  6:11  Siege Tank  
  53  6:12  SCV  
  53  6:15  Supply Depot  
  57  6:24  SCV, Barracks  
  58  6:36  SCV  
  59  7:15  Starport  
  49  7:26  Marine x2  
  49  7:28  Marine  
  49  7:31  Cyclone  
  49  7:35  Viking  
  54  7:44  Marine x2  
  55  7:46  Marine  
  57  8:01  Marine  
  57  8:02  Marine  
  57  8:03  Cyclone  
  57  8:04  Marine  
  63  8:05  Viking  
  65  8:19  Marine x2  
  63  8:21  Marine  
  63  8:25  Engineering Bay  
  65  8:31  Starport Tech Lab  
  65  8:36  Cyclone  
  65  8:37  Marine x2  
  65  8:39  Marine  
  71  8:47  Factory  
  71  8:55  Marine x2  
  70  8:57  Marine  
  71  9:08  Cyclone  
  73  9:24  Raven  
  73  9:25  Viking  
  77  9:32  SCV  
  78  9:39  SCV  
  78  9:40  Cyclone  
  78  9:44  SCV  
  83  9:49  Terran Infantry Weapons Level 1  
  83  9:51  SCV  
  84  9:55  Viking  
  86  10:02  Supply Depot  
  86  10:16  Supply Depot  
  86  10:19  Factory Tech Lab  
  86  10:23  Marine x3  
  86  10:24  SCV x2, Cyclone  
  86  10:25  Supply Depot  
  94  10:37  SCV x2  
  94  10:38  Supply Depot  
  94  10:41  Marine  
  97  10:48  Supply Depot  
  97  10:49  SCV x2  
  95  10:56  Cyclone  
  98  11:01  SCV  
  99  11:07  Viking x2  
  103  11:14  SCV, Marine x2  
  103  11:17  Marine  
  107  11:24  Cyclone  
  110  11:26  SCV  
  110  11:28  Cyclone  
  114  11:39  Armory  
  114  11:56  Cyclone  
  114  12:00  Cyclone  
  120  12:20  Marine x2  
  120  12:21  Marine  
  123  12:23  Viking  
  123  12:28  Supply Depot  
  125  12:38  Marine  
  126  12:49  Viking, Marine x2  
Show
View Real Time Build Order
Export as new Build Order

ZaZen Protoss 

Build Orders:  

Get SALT Encoding   

  12  0:01  Probe  
  13  0:13  Probe  
  14  0:19  Pylon  
  14  0:36  Probe  
  14  0:38  Assimilator  
  15  0:52  Probe, Pylon  
  16  1:04  Probe  
  16  1:11  Gateway  
  17  1:16  Probe  
  18  1:38  Nexus  
  18  1:43  Probe  
  19  1:53  Zealot  
  19  1:56  Probe  
  22  2:06  Cybernetics Core  
  22  2:15  Zealot  
  24  2:23  Assimilator  
  24  2:42  Stargate  
  24  2:44  Stalker  
  26  2:51  Warp Gate  
  26  2:56  Probe  
  26  2:57  Probe  
  26  2:59  Pylon  
  24  3:20  Probe  
  24  3:23  Probe  
  26  3:28  Probe  
  26  3:31  Stargate  
  27  3:36  Probe  
  28  3:42  Probe  
  29  4:01  Nexus  
  29  4:12  Phoenix  
  29  4:16  Phoenix  
  33  4:17  Probe  
  33  4:18  Probe  
  35  4:26  Probe x2  
  37  4:43  Robotics Facility  
  35  4:47  Phoenix  
  35  4:50  Probe  
  35  4:51  Probe  
  39  5:00  Phoenix  
  39  5:06  Probe x2  
  43  5:20  Phoenix  
  45  5:25  Assimilator  
  45  5:26  Assimilator  
  45  5:29  Probe x2  
  45  5:30  Probe  
  45  5:34  Phoenix  
  50  5:41  Probe  
  51  5:52  Probe  
  51  5:53  Probe x2  
  54  5:58  Assimilator  
  54  6:01  Assimilator  
  54  6:03  Sentry  
  56  6:05  Probe x2  
  56  6:09  Phoenix  
  56  6:11  Phoenix  
  62  6:23  Probe  
  62  6:27  Probe x2  
  65  6:35  Fleet Beacon  
  65  6:39  Robotics Bay, Probe  
  66  6:42  Pylon  
  55  7:34  Phoenix x2, Anion Pulse-Crystals  
  59  7:37  Disruptor  
  59  7:42  Robotics Facility  
  62  7:48  Probe  
  62  7:49  Probe x2  
  63  7:59  Phoenix x2, Pylon  
  63  8:00  Probe  
  63  8:01  Probe x2, Pylon  
  63  8:04  Pylon  
  68  8:13  Probe  
  67  8:22  Phoenix, Probe  
  67  8:23  Probe, Disruptor  
  67  8:24  Phoenix, Probe  
  77  8:31  Probe x2  
  77  8:36  Protoss Air Weapons Level 1  
  77  8:39  Phoenix  
  77  8:41  Phoenix  
  81  9:04  Phoenix  
  81  9:06  Phoenix  
  85  9:16  Probe x3  
  86  9:28  Probe, Disruptor x2  
  93  9:43  Pylon  
  93  9:45  Pylon  
  93  9:47  Pylon  
  93  9:52  Gravitic Drive  
  93  10:01  Phoenix x2, Probe x3  
  93  10:03  Disruptor x2  
  106  10:13  Probe  
  107  10:20  Gateway  
  107  10:21  Gateway  
  107  10:23  Gateway  
  107  10:24  Probe x2  
  107  10:26  Phoenix x2  
  113  10:31  Gateway  
  113  10:33  Gateway  
  113  10:35  Probe  
  114  10:36  Probe x2, Gateway  
  116  10:43  Warp Prism  
  110  10:51  Phoenix  
  112  11:02  Gateway  
  112  11:03  Gateway  
  112  11:06  Gateway  
  112  11:07  Phoenix  
  114  11:12  Protoss Air Weapons Level 2  
  114  11:16  Phoenix  
  116  11:41  Probe  
  117  11:52  Nexus  
  117  11:54  Pylon  
  117  11:56  Pylon  
  117  11:57  Pylon  
  117  11:59  Pylon  
  117  12:00  Pylon  
  117  12:01  Pylon x2  
  117  12:02  Pylon  
  117  12:07  Pylon  
  117  12:12  Phoenix, Probe x3  
  122  12:16  Stalker x4  
  122  12:17  Stalker x4  
  122  12:18  Stalker  
  140  12:35  Shield Battery  
  140  12:36  Shield Battery  
  140  12:41  Stalker x2  
  140  12:42  Stalker x2  
  140  12:43  Stalker  
  89  13:23  Stalker x5  
  89  13:24  Stalker x2  
  89  13:25  Stalker x2  
Tags
 
Add a new tag
Caveats
  • Supply blocks, unpowered buildings, or Contaminate may cause inaccurate times.
  • Supply counts are checked every 10 seconds.